PBL
WINDY CITY THUNDERBOLTS @ LONDON MAJORS
06/29/2048
 
TOP OF THE 1ST
Windy City ThunderBolts batting - Pitching for London Majors : RHP Tony Ortiz
Pitching: RHP Tony Ortiz
Batting: RHB Joe Thomas 0-0: Foul Ball, location: 2F
0-1: Ground out 1-3 (Groundball, 13S, EV 68.8 MPH)
Batting: RHB Eddie Dimas 0-0: Ball
1-0: Foul Ball, location: 2F
1-1: Swinging Strike
1-2: Strikes out swinging
Batting: SHB Danny Gallegos 0-0: Ball
1-0: Foul Ball, location: 2F
1-1: Ball
2-1: Ball
3-1: Foul Ball, location: 2F
3-2: Base on Balls
Batting: RHB Kaoru Hamada 0-0: Called Strike
0-1: Ball
1-1: Called Strike
1-2: Ball
2-2: Strikes out looking
Top of the 1st over - 0 runs, 0 hits, 0 errors, 1 left on base; Windy City 0 - London 0
BOTTOM OF THE 1ST
London Majors batting - Pitching for Windy City ThunderBolts : RHP Mike Brungardt
Pitching: RHP Mike Brungardt
Batting: SHB Steve Ramsey 0-0: Foul Ball, location: 2F
0-1: Ground out 4-3 (Groundball, 4, EV 86.2 MPH)
Batting: LHB Edwin Esparza 0-0: Foul Ball, location: 2F
0-1: Ball
1-1: Ball
2-1: Foul Ball, location: 2F
2-2: Strikes out looking
Batting: SHB Toby Patenaude 0-0: Ball
1-0: Ball
2-0: Ball
3-0: Base on Balls
Batting: RHB Cedric Nicholls 0-0: Called Strike
Toby Patenaude is caught stealing 2nd base 2-4
Bottom of the 1st over - 0 runs, 0 hits, 0 errors, 0 left on base; Windy City 0 - London 0
TOP OF THE 2ND
Windy City ThunderBolts batting - Pitching for London Majors : RHP Tony Ortiz
Batting: RHB Paul Holland 0-0: Called Strike
0-1: Fly out, F9 (Flyball, 89M, EV 86.2 MPH)
Batting: RHB Miguel Pacheco 0-0: SINGLE (Groundball, 6MD, EV 101.9 MPH)
Batting: RHB Dave Dominguez 0-0: Swinging Strike
0-1: Called Strike
0-2: Ball
1-2: Ball
2-2: Strikes out looking
Batting: RHB Klaus Brown 0-0: Swinging Strike
0-1: Ball
1-1: Called Strike
1-2: Foul Ball, location: 2F
1-2: Ball
2-2: Foul Ball, location: 2F
2-2: Ball
3-2: Foul Ball, location: 2F
3-2: Strikes out swinging
Top of the 2nd over - 0 runs, 1 hit, 0 errors, 1 left on base; Windy City 0 - London 0
BOTTOM OF THE 2ND
London Majors batting - Pitching for Windy City ThunderBolts : RHP Mike Brungardt
Batting: RHB Cedric Nicholls 0-0: Foul Ball, location: 2F
0-1: Fly out, F8 (Line Drive, 8RD, EV 96.2 MPH)
Batting: RHB Cormackle Poohdatoot 0-0: Called Strike
0-1: Fly out, F6 (Line Drive, 56D, EV 63.1 MPH)
Batting: RHB Tom Bergman 0-0: Ball
1-0: Foul Ball, location: 2F
1-1: Foul Ball, location: 2F
1-2: Ground out 6-3 (Groundball, 6, EV 84.4 MPH)
Bottom of the 2nd over - 0 runs, 0 hits, 0 errors, 0 left on base; Windy City 0 - London 0
TOP OF THE 3RD
Windy City ThunderBolts batting - Pitching for London Majors : RHP Tony Ortiz
Batting: RHB Sim Damit 0-0: Foul Ball, location: 2F
0-1: Called Strike
0-2: Strikes out swinging
Batting: RHB Joe Thomas 0-0: Fly out, F7 (Flyball, 7D, EV 78.1 MPH)
Batting: RHB Eddie Dimas 0-0: Ball
1-0: Ball
2-0: Foul Ball, location: 2F
2-1: Ball
3-1: Ground out 5-3 (Groundball, 56S, EV 85.0 MPH)
Top of the 3rd over - 0 runs, 0 hits, 0 errors, 0 left on base; Windy City 0 - London 0
BOTTOM OF THE 3RD
London Majors batting - Pitching for Windy City ThunderBolts : RHP Mike Brungardt
Batting: RHB Lewis O'Connell 0-0: Ball
1-0: Foul Ball, location: 2F
1-1: Called Strike
1-2: Foul Ball, location: 2F
1-2: Ball
2-2: Ball
3-2: Strikes out swinging
Batting: RHB Brandon Williams 0-0: Swinging Strike
0-1: Ball
1-1: Ball
2-1: Ball
3-1: Base on Balls
Batting: RHB Jerry Perez 0-0: Foul Ball, location: 2F
0-1: Ball
1-1: Swinging Strike
1-2: Ball
2-2: Strikes out swinging
Batting: SHB Steve Ramsey 0-0: Foul Ball, location: 2F
0-1: Foul Ball, location: 2F
0-2: Fly out, F8 (Flyball, 8LXD, EV 83.8 MPH)
Bottom of the 3rd over - 0 runs, 0 hits, 0 errors, 1 left on base; Windy City 0 - London 0
TOP OF THE 4TH
Windy City ThunderBolts batting - Pitching for London Majors : RHP Tony Ortiz
Batting: SHB Danny Gallegos 0-0: Ball
1-0: Fly out, F8 (Line Drive, 8LD, EV 96.2 MPH)
Batting: RHB Kaoru Hamada 0-0: Called Strike
0-1: Swinging Strike
0-2: Ball
1-2: Ground out 5-3 (Groundball, 56, EV 101.2 MPH)
Batting: RHB Paul Holland 0-0: Ball
1-0: Fly out, F8 (Flyball, 78M, EV 90.0 MPH)
Top of the 4th over - 0 runs, 0 hits, 0 errors, 0 left on base; Windy City 0 - London 0
BOTTOM OF THE 4TH
London Majors batting - Pitching for Windy City ThunderBolts : RHP Mike Brungardt
Batting: LHB Edwin Esparza 0-0: Ball
1-0: Ball
2-0: Ball
3-0: Called Strike
3-1: Base on Balls
Batting: SHB Toby Patenaude 0-0: Ball
1-0: Ball
2-0: Swinging Strike
2-1: Ball
3-1: Base on Balls
Edwin Esparza to second
Batting: RHB Cedric Nicholls 0-0: Ball
1-0: Ball
2-0: Called Strike
2-1: Fielders Choice at 2nd, 3-6 (Groundball, 3, EV 106.2 MPH)
Edwin Esparza to third
Pinch Hitting: SHB Joe Loveless 0-0: Ball
1-0: Called Strike
1-1: Ball
2-1: Foul Ball, location: 2F
2-2: Foul Ball, location: 2F
2-2: Strikes out swinging
Pinch Hitting: LHB Jessie Stewart 0-0: Ball
1-0: Ball
2-0: Called Strike
2-1: Ground out 6-3 (Groundball, 6S, EV 81.9 MPH)
Bottom of the 4th over - 0 runs, 0 hits, 0 errors, 2 left on base; Windy City 0 - London 0
TOP OF THE 5TH
Windy City ThunderBolts batting - Pitching for London Majors : RHP Tony Ortiz
Now at 1B: Jessie Stewart
Now in LF: Salvador Ramos
Batting: RHB Miguel Pacheco 0-0: Ball
1-0: Ball
2-0: Foul Ball, location: 2F
2-1: Foul Ball, location: 2F
2-2: Foul Ball, location: 2F
2-2: Foul Ball, location: 2F
2-2: Ball
3-2: Base on Balls
Batting: RHB Dave Dominguez 0-0: Swinging Strike
0-1: SINGLE (Line Drive, 8LS, EV 103.1 MPH)
Miguel Pacheco to second
Batting: RHB Klaus Brown 0-0: Ball
1-0: Ball
2-0: Swinging Strike
2-1: Swinging Strike
2-2: Strikes out swinging
Batting: RHB Sim Damit 0-0: Ball
1-0: Foul Ball, location: 2F
1-1: Foul Ball, location: 2F
1-2: Ball
2-2: Strikes out swinging
Batting: RHB Joe Thomas 0-0: Ball
1-0: Ball
2-0: Ball
Wild Pitch!
Miguel Pacheco to third
Dave Dominguez to second
3-0: Called Strike
3-1: Called Strike
3-2: Strikes out swinging
Top of the 5th over - 0 runs, 1 hit, 0 errors, 2 left on base; Windy City 0 - London 0
BOTTOM OF THE 5TH
London Majors batting - Pitching for Windy City ThunderBolts : RHP Mike Brungardt
Batting: RHB Lewis O'Connell 0-0: Ball
1-0: Called Strike
1-1: Swinging Strike
1-2: Ball
2-2: Ball
3-2: Strikes out swinging
Batting: RHB Brandon Williams 0-0: Ball
1-0: Ground out 5-3 (Groundball, 56, EV 103.8 MPH)
Batting: RHB Jerry Perez 0-0: Called Strike
0-1: Ball
1-1: Ground out 5-3 (Groundball, 5, EV 102.5 MPH)
Bottom of the 5th over - 0 runs, 0 hits, 0 errors, 0 left on base; Windy City 0 - London 0
TOP OF THE 6TH
Windy City ThunderBolts batting - Pitching for London Majors : RHP Tony Ortiz
Batting: RHB Eddie Dimas 0-0: Ball
1-0: Swinging Strike
1-1: SOLO HOME RUN (Flyball, 9LD, EV 92.5 MPH), Distance : 331 ft
Batting: SHB Danny Gallegos 0-0: Ball
1-0: Swinging Strike
1-1: Called Strike
1-2: Ball
2-2: Ball
3-2: Foul Ball, location: 2F
3-2: Foul Ball, location: 2F
3-2: Strikes out swinging, 2-3 out at first.
Pitching: LHP Neil McKibben
Batting: RHB Kaoru Hamada 0-0: SINGLE (Line Drive, 8LS, EV 106.2 MPH)
Batting: RHB Paul Holland 0-0: Ball
1-0: Ball
2-0: Ball
3-0: Called Strike
3-1: Base on Balls
Kaoru Hamada to second
Batting: RHB Miguel Pacheco 0-0: Called Strike
0-1: Ball
1-1: Fly out, F8 (Flyball, 89M, EV 84.4 MPH)
Runner from 2nd tags up, SAFE at 3rd with throw by CF
Batting: RHB Dave Dominguez 0-0: Fielders Choice at 2nd, U4 (Groundball, 4M, EV 78.1 MPH)
Top of the 6th over - 1 run, 2 hits, 0 errors, 2 left on base; Windy City 1 - London 0
BOTTOM OF THE 6TH
London Majors batting - Pitching for Windy City ThunderBolts : RHP Mike Brungardt
Pinch Hitting: RHB Carlos Murillo 0-0: Ball
1-0: Ball
2-0: Ball
3-0: Base on Balls
Batting: LHB Edwin Esparza 0-0: Ball
Carlos Murillo steals 2nd base
1-0: Ball
2-0: Ball
3-0: Called Strike
3-1: Foul Ball, location: 2F
3-2: SINGLE (Groundball, 4MD, EV 99.4 MPH)
Carlos Murillo to third
Runner from 3rd tries for Home, SAFE, throw by CF to home
Batting: SHB Toby Patenaude 0-0: SINGLE (Groundball, 6MS, EV 73.8 MPH) (infield hit)
Edwin Esparza to second
Batting: RHB Mel Bohorquez 0-0: Ball
1-0: Foul Ball, location: 2F
1-1: Ball
2-1: Foul Ball, location: 2F
2-2: 3-RUN HOME RUN (Line Drive, 7LD, EV 97.5 MPH), Distance : 346 ft
Batting: LHB Salvador Ramos 0-0: Foul Ball, location: 2F
0-1: Ball
1-1: Ball
2-1: Foul Ball, location: 2F
2-2: Strikes out looking
Batting: LHB Jessie Stewart 0-0: Ball
1-0: Foul Ball, location: 2F
1-1: Called Strike
1-2: Foul Ball, location: 2F
1-2: Ground out U3 (Groundball, 3, EV 86.9 MPH)
Batting: RHB Lewis O'Connell 0-0: Ball
1-0: Ball
2-0: Called Strike
2-1: Foul Ball, location: 2F
2-2: Ball
3-2: Strikes out swinging
Bottom of the 6th over - 4 runs, 3 hits, 0 errors, 0 left on base; Windy City 1 - London 4
TOP OF THE 7TH
Windy City ThunderBolts batting - Pitching for London Majors : LHP Neil McKibben
Now at 1B: Joy-shan Li
Now at 3B: Carlos Murillo
Now in CF: Manny Corral
Batting: RHB Klaus Brown 0-0: Ball
1-0: Ball
2-0: Ground out 1-3 (Groundball, P, EV 56.9 MPH)
Batting: RHB Sim Damit 0-0: Called Strike
0-1: Fly out, F8 (Flyball, 8RD, EV 91.9 MPH)
Batting: RHB Joe Thomas 0-0: Ball
1-0: Ball
2-0: Swinging Strike
2-1: Foul Ball, location: 2F
2-2: Ball
3-2: Ground out 5-3 (Groundball, 5S, EV 66.2 MPH)
Top of the 7th over - 0 runs, 0 hits, 0 errors, 0 left on base; Windy City 1 - London 4
BOTTOM OF THE 7TH
London Majors batting - Pitching for Windy City ThunderBolts : RHP Mike Brungardt
Pitching: RHP Ben Robertson
Batting: RHB Brandon Williams 0-0: Called Strike
0-1: Ball
1-1: Ball
2-1: Foul Ball, location: 2F
2-2: Fly out, F7 (Flyball, 78M, EV 89.4 MPH)
Batting: RHB Manny Corral 0-0: Ball
1-0: Called Strike
1-1: Called Strike
1-2: Strikes out swinging
Batting: RHB Carlos Murillo 0-0: Foul Ball, location: 2F
0-1: Swinging Strike
0-2: Strikes out looking
Bottom of the 7th over - 0 runs, 0 hits, 0 errors, 0 left on base; Windy City 1 - London 4
TOP OF THE 8TH
Windy City ThunderBolts batting - Pitching for London Majors : LHP Neil McKibben
Batting: RHB Eddie Dimas 0-0: Called Strike
0-1: Ball
1-1: Called Strike
1-2: Strikes out swinging
Batting: SHB Danny Gallegos 0-0: Ball
1-0: Foul Ball, location: 2F
1-1: Swinging Strike
1-2: SINGLE (Flyball, 3D, EV 90.0 MPH)
Batting: RHB Kaoru Hamada 0-0: Ball
1-0: Fielders Choice at 2nd, 4-6 (Groundball, 34S, EV 86.2 MPH)
Pitching: RHP Philip Sonnichsen
Batting: RHB Donovan Deason 0-0: Called Strike
0-1: Ball
Wild Pitch!
Kaoru Hamada to second
1-1: Ball
2-1: Swinging Strike
2-2: Strikes out swinging
Top of the 8th over - 0 runs, 1 hit, 0 errors, 1 left on base; Windy City 1 - London 4
BOTTOM OF THE 8TH
London Majors batting - Pitching for Windy City ThunderBolts : RHP Ben Robertson
Batting: LHB Edwin Esparza 0-0: Ball
1-0: Ball
2-0: Ball
3-0: Base on Balls
Batting: SHB Toby Patenaude 0-0: Foul Ball, location: 2F
0-1: Ball
1-1: Called Strike
1-2: Grounds out, U3 (Groundball, 3L, EV 92.5 MPH)
Batting: RHB Mel Bohorquez 0-0: Ball
1-0: Foul Ball, location: 2F
1-1: Ball
2-1: Foul Ball, location: 2LF, Error on foul ball, E2
2-2: Ball
3-2: Ground out 6-3 (Groundball, 6, EV 77.5 MPH)
Batting: LHB Salvador Ramos 0-0: Ground out 5-3 (Groundball, 56, EV 89.4 MPH)
Bottom of the 8th over - 0 runs, 0 hits, 1 error, 1 left on base; Windy City 1 - London 4
TOP OF THE 9TH
Windy City ThunderBolts batting - Pitching for London Majors : RHP Philip Sonnichsen
Pitching: LHP Jim Sabin
Pinch Hitting: RHB Camillo Bonauiti 0-0: Called Strike
0-1: Ball
1-1: Ball
2-1: Swinging Strike
2-2: Ball
3-2: Fly out, F4 (Popup, 3S, EV 85.6 MPH)
Batting: RHB Dave Dominguez 0-0: Ball
1-0: Called Strike
1-1: Fly out, F8 (Flyball, 8LD, EV 101.2 MPH)
Pinch Hitting: RHB Ricky Avila 0-0: Ball
1-0: Called Strike
1-1: Foul Ball, location: 2F
1-2: Ball
2-2: Ground out 5-3 (Groundball, 15, EV 85.0 MPH)
Top of the 9th over - 0 runs, 0 hits, 0 errors, 0 left on base; Windy City 1 - London 4
Tuesday, March 28th , 2023 - OOTP Baseball 23.10 Build 110